 Dungeon Crawl Stone Soup version 0.20-a0-1000-g0e8f6bb (webtiles) character file.

1429 Monsterracer the Archer (level 8, -2/109 HPs)
             Began as a Centaur Hunter on Apr 12, 2017.
             Slain by Prince Ribbit (8 damage)
             ... on level 5 of the Dungeon.
             The game lasted 00:27:34 (6197 turns).

Monsterracer the Archer (Centaur Hunter)            Turns: 6197, Time: 00:27:35

Health: -2/109     AC: 24    Str: 15    XL:     8   Next: 44%
Magic:  17/17      EV:  1    Int: 10    God:
Gold:   221        SH:  0    Dex: 24    Spells: 7/7 levels left

rFire    . . .     SeeInvis +     - Unarmed
rCold    . . .     Gourm    .   (no shield)
rNeg     + + +     Faith    .   (armour currently unavailable)
rPois    +         Spirit   .   (helmet currently unavailable)
rElec    .         Reflect  .   (cloak currently unavailable)
rCorr    .         Harm     .   (gloves currently unavailable)
MR       .....     NoTele   +   (no barding)
Stlth    +.........             (no amulet)
Regen    0.3/turn               n - +3 ring of dexterity
MPRegen  0.2/turn               t - ring of Tado {MP+9 Dex+9 Slay-4 SInv Stlth-}

@: tree-form
A: robust 1
a: no special abilities


You were on level 5 of the Dungeon.
You were not hungry.
You were a tree.
You visited 1 branch of the dungeon, and saw 5 of its levels.

You collected 221 gold pieces.

Inventory:

Hand Weapons
 a - a +1 shortbow
Missiles
 d - 27 arrows
Armour
 r - a cursed +0 helmet (melded)
 s - a +0 leather armour of poison resistance (melded)
 u - a +0 pair of gloves (melded)
Jewellery
 n - a +3 ring of dexterity (left branch)
 t - the ring of Tado (right branch) {MP+9 Dex+9 Slay-4 SInv Stlth-}
   (You found it on level 5 of the Dungeon)

   [ring of loudness]

   It affects your dexterity (+9).
   It affects your accuracy and damage with ranged weapons and melee attacks
   (-4).
   It affects your magic capacity (+9).
   It lets you see invisible.
   It makes you less stealthy.
 x - an uncursed ring of protection from fire
Wands
 e - a wand of enslavement (11/24)
 q - a wand of disintegration (15/24)
Scrolls
 b - 2 scrolls of magic mapping
 g - 3 scrolls of remove curse
 h - 2 scrolls of recharging
 k - 4 scrolls of identify
 v - a scroll of teleportation
 w - 2 scrolls of enchant armour
Potions
 m - a potion of brilliance
 o - a potion of flight
Comestibles
 f - 4 bread rations
 i - a royal jelly
 j - a fruit
 l - a meat ration
 p - 4 chunks of flesh


   Skills:
 + Level 4.4 Fighting
 + Level 10.5 Bows
 - Level 1.3 Dodging
 - Level 0.4 Stealth
 + Level 6.5 Unarmed Combat


You had 7 spell levels left.
You didn't know any spells.

Dungeon Overview and Level Annotations

Branches:
Dungeon (5/15)
 Temple: D:4-7

Altars:
Hepliaklqana
Wu Jian
Xom

Shops:
D:4 =

Annotations:
D:5 Prince Ribbit


Innate Abilities, Weirdness & Mutations

((You have hooves in place of feet.))
((Armour fits poorly on your strangely shaped body.))
((You cover ground very quickly.))
((You have extremely tough skin. (AC +3)))
((You have very sharp teeth.))
You are robust. (+10% HP)


Message History

Aim: Prince Ribbit (heavily wounded)
You shoot an arrow. The arrow misses Prince Ribbit.
Prince Ribbit hits you.
* * * LOW HITPOINT WARNING * * *
You turn into a tree.
Your cursed +0 helmet melds into your body.
Your +0 pair of gloves melds into your body.
Your +0 leather armour of poison resistance melds into your body.
Your roots penetrate the ground.
Prince Ribbit hits you.
* * * LOW HITPOINT WARNING * * *
Prince Ribbit hits you.
* * * LOW HITPOINT WARNING * * *
Really attack while wielding your +1 shortbow?
You clumsily bash Prince Ribbit but do no damage.
Prince Ribbit is heavily wounded.
Prince Ribbit hits you but does no damage. x2
You are now empty-handed.
You completely miss Prince Ribbit.
Prince Ribbit is heavily wounded.
Prince Ribbit hits you!
You die...

#.# ##.###.#### #.#
#......(..#
#.####.........#
#...)..........#
######.........#####
######..(......
##....### #F...#
#♣.%.# #....# #....#
#....# #....# .....+
#(...# ######


You could see Prince Ribbit.

Vanquished Creatures
  Sigmund (D:3)
  An ice beast (D:3)
  An orc warrior (D:4)
  A centaur (D:5)
  3 ogres
  A water moccasin skeleton (D:4)
  4 orc priests (D:4)
  A hound (D:3)
  A jelly (D:5)
  4 orc wizards (D:4)
  Jessica (D:3)
  Ijyb (D:2)
  A worker ant (D:4)
  A hound skeleton (D:4)
  A worker ant zombie (D:5)
  Robin (D:4)
  4 adders
  7 gnolls
  An ooze (D:4)
  3 worms
  10 dart slugs
  2 leopard geckos
  29 orcs
  8 giant cockroaches
  8 hobgoblins
  16 jackals
  14 kobolds
  3 quokkas
  3 ball pythons
  5 bats
  10 frilled lizards
  21 goblins
  10 rats
178 creatures vanquished.

Notes
Turn   | Place    | Note
-------+----------+-------------------------------------------
     0 | D:1      | Monsterracer the Centaur Hunter began the quest for the Orb.
     0 | D:1      | Reached XP level 1. HP: 17/17 MP: 1/1
   185 | D:1      | Reached skill level 1 in Unarmed Combat
   232 | D:1      | Reached XP level 2. HP: 22/24 MP: 2/2
   578 | D:1      | Reached skill level 6 in Bows
   752 | D:1      | Reached XP level 3. HP: 29/29 MP: 3/3
  1080 | D:2      | Found a hazy altar of Hepliaklqana.
  1081 | D:2      | Found a shimmering altar of Xom.
  1082 | D:2      | Noticed a spectral ugly thing
  1602 | D:2      | Reached XP level 4. HP: 36/36 MP: 4/4
  2038 | D:2      | Noticed Ijyb
  2055 | D:2      | Killed Ijyb
  2055 | D:2      | Reached skill level 7 in Bows
  2189 | D:2      | Reached XP level 5. HP: 36/41 MP: 5/5
  2759 | D:3      | Noticed an ice beast
  2773 | D:3      | Killed an ice beast
  2773 | D:3      | Reached XP level 6. HP: 39/48 MP: 6/6
  2861 | D:3      | Reached skill level 8 in Bows
  3203 | D:3      | Noticed Jessica
  3212 | D:3      | Killed Jessica
  3382 | D:3      | Noticed Sigmund
  3454 | D:3      | Killed Sigmund
  3454 | D:3      | Reached XP level 7. HP: 53/56 MP: 7/7
  3895 | D:4      | Found Liadez's Jewellery Shop.
  4030 | D:4      | Reached skill level 9 in Bows
  4030 | D:4      | Reached skill level 5 in Unarmed Combat
  4132 | D:4      | Noticed Robin
  4154 | D:4      | Killed Robin
  4379 | D:4      | Gained mutation: You are robust. (+10% HP) [potion of mutation]
  4379 | D:4      | Gained mutation: You have very sharp teeth. [potion of mutation]
  4567 | D:4      | Reached XP level 8. HP: 10/72 MP: 8/8
  5031 | D:4      | Found an ornate altar of the Wu Jian Council.
  5160 | D:4      | Reached skill level 10 in Bows
  5644 | D:5      | Entered Level 5 of the Dungeon
  5925 | D:5      | Got a smoking tin ring
  5926 | D:5      | Identified the ring of Tado {MP+9 Dex+9 Slay-4 SInv Stlth-} (You found it on level 5 of the Dungeon)
  6029 | D:5      | Got a polished hand axe
  6030 | D:5      | Identified the +9 hand axe "Siakuwil" {chop, Int+4 Stlth+} (You found it on level 5 of the Dungeon)
  6169 | D:5      | Noticed Prince Ribbit
  6194 | D:5      | HP: 5/109 [Prince Ribbit (6)]
  6197 | D:5      | Slain by Prince Ribbit

Vault maps used:
D:1:      sevenhm_arrival_forest_fort_large_4, amethyst_killhole
D:2:      kennysheep_goblin_castle, regret_index_temple_of_mockery, first_bread
D:3:      kennysheep_slugbush, uniq_sigmund, uniq_jessica
D:4:      kennysheep_mini, serial_shops, shop_statue, guppyfry_early_orc_mine,
          uniq_robin
D:5:      uniq_eustachio, uniq_prince_ribbit1, uniq_iyjb

Skill      XL: |  1  2  3  4  5  6  7  8 |
---------------+-------------------------+-----
Unarmed Combat | 1 2 3 4 5 6 |  6.5
Bows           | 6 7 8 9 10 | 10.5
Fighting       | 3 4 |  4.4
Dodging        | |  1.3
Stealth        | |  0.4

Action                   |  1- 3 |  4- 6 |  7- 9 || total
-------------------------+-------+-------+-------++-------
Melee: Unarmed           |    71 |    93 |   134 ||   298
       Kick              |    13 |    16 |    38 ||    67
       Shortbow          |     5 |       |     1 ||     6
       Punch             |     1 |     1 |     2 ||     4
       Bite              |       |       |    13 ||    13
 Fire: Shortbow          |    96 |   114 |   149 ||   359
  Use: Potion            |     4 |     2 |     4 ||    10
       Scroll            |       |     9 |     2 ||    11
 Stab: Sleeping          |       |       |     1 ||     1
  Eat: Chunk             |     1 |     5 |     7 ||    13
Armor: Leather armour    |    53 |    44 |    34 ||   131
       Skin              |       |       |     2 ||     2
Dodge: Dodged            |    70 |    72 |    62 ||   204
